Map: Lightshade LE

Players

Krystianer - Winner!

  • Race: Protoss Protoss

ShoWTimE

  • Race: Protoss Protoss

Event: DreamHack SC2 Masters 2021 Fall

VOD

Have the link to the VOD?

Description

Time

  • Played on: July 31, 2021, 1:12 p.m.
  • Length: 17:33

All games in this series

Show
View Real Time Build Order
Export as new Build Order

Krystianer Protoss - Winner!

Build Orders: Phoenix Opening 

Get SALT Encoding   

  12  0:00  Probe  
  13  0:12  Probe  
  14  0:17  Pylon  
  14  0:24  Probe (Chrono Boost)  
  16  0:37  Probe (Chrono Boost)  
  16  0:38  Gateway  
  16  0:42  Probe (Chrono Boost)  
  16  0:45  Assimilator  
  17  0:52  Probe (Chrono Boost)  
  17  0:54  Assimilator  
  19  1:04  Probe (Chrono Boost)  
  19  1:06  Gateway  
  19  1:13  Probe (Chrono Boost)  
  19  1:18  Probe  
  20  1:24  Cybernetics Core  
  21  1:30  Probe  
  22  1:34  Pylon  
  22  1:42  Probe  
  23  1:54  Probe  
  23  2:00  Stalker  
  23  2:01  Sentry, Warp Gate  
  28  2:06  Probe  
  29  2:08  Pylon  
  30  2:27  Sentry  
  31  2:30  Stalker  
  33  2:37  Phoenix  
  33  2:42  Nexus  
  33  2:48  Shield Battery  
  33  2:54  Sentry  
  35  3:00  Stalker  
  35  3:04  Probe  
  38  3:08  Pylon  
  38  3:16  Probe (Chrono Boost)  
  40  3:28  Twilight Council, Probe (Chrono Boost)  
  40  3:33  Probe (Chrono Boost)  
  41  3:42  Probe (Chrono Boost)  
  42  3:48  Stalker  
  42  3:49  Stalker  
  42  3:54  Probe (Chrono Boost)  
  47  3:58  Probe (Chrono Boost)  
  49  4:03  Probe (Chrono Boost)  
  49  4:06  Probe (Chrono Boost)  
  51  4:10  Probe (Chrono Boost)  
  51  4:11  Blink  
  51  4:13  Stalker  
  51  4:14  Probe  
  54  4:26  Probe  
  54  4:28  Probe  
  52  4:37  Stalker  
  48  4:40  Probe (Chrono Boost)  
  48  4:41  Probe (Chrono Boost)  
  46  4:48  Assimilator  
  46  4:49  Forge  
  47  4:55  Probe x2 (Chrono Boost)  
  48  5:00  Nexus  
  48  5:02  Adept x2  
  48  5:05  Pylon  
  52  5:08  Probe  
  52  5:12  Probe  
  54  5:19  Gateway  
  54  5:21  Gateway  
  54  5:23  Probe  
  54  5:24  Protoss Ground Weapons Level 1  
  54  5:26  Probe (Chrono Boost)  
  56  5:32  Shield Battery  
  56  5:35  Probe (Chrono Boost)  
  57  5:38  Probe (Chrono Boost)  
  57  5:42  Stalker x2  
  62  5:46  Pylon  
  62  5:54  Pylon  
  62  5:55  Robotics Facility  
  62  6:06  Probe x2 (Chrono Boost)  
  62  6:09  Stalker x2  
  68  6:12  Probe (Chrono Boost)  
  68  6:14  Stalker  
  68  6:17  Stalker  
  75  6:20  Probe (Chrono Boost)  
  75  6:22  Probe x2 (Chrono Boost)  
  76  6:28  Charge (Chrono Boost), Probe (Chrono Boost)  
  76  6:31  Assimilator  
  76  6:32  Probe x2 (Chrono Boost)  
  79  6:42  Stalker x4  
  79  6:43  Probe x2  
  89  6:49  Pylon, Probe  
  90  6:55  Probe x2  
  91  7:03  Gateway  
  91  7:04  Gateway  
  91  7:07  Stalker x3  
  93  7:08  Observer (Chrono Boost)  
  91  7:16  Stalker  
  91  7:19  Gateway  
  91  7:21  Gateway  
  91  7:22  Immortal (Chrono Boost)  
  91  7:24  Photon Cannon  
  95  7:34  Pylon  
  95  7:35  Pylon  
  95  7:36  Pylon  
  95  7:39  Zealot x3  
  101  7:53  Protoss Ground Weapons Level 2 (Chrono Boost)  
  101  7:56  Pylon  
  101  7:59  Nexus  
  101  8:01  Pylon  
  101  8:04  Warp Prism  
  103  8:09  Sentry  
  103  8:12  Templar Archives  
  105  8:17  Zealot x3  
  105  8:18  Zealot  
  109  8:25  Pylon  
  109  8:26  Zealot x2  
  103  8:34  Zealot x2  
  103  8:37  Pylon  
  105  8:42  Zealot  
  105  8:43  Zealot x3  
  111  8:49  High Templar x2  
  111  8:51  Probe x2  
  111  8:52  Pylon  
  111  8:53  Archon  
  111  8:54  Shield Battery  
  117  8:57  High Templar x2  
  117  9:01  Archon  
  121  9:03  Zealot x3  
  121  9:04  Zealot  
  129  9:17  Probe  
  130  9:29  Zealot x8  
  146  9:42  Nexus  
  142  9:54  Pylon  
  142  9:56  Pylon  
  142  9:58  Pylon  
  140  10:04  Pylon  
  134  10:14  High Templar x2  
  134  10:15  High Templar x2, Zealot x4  
  134  10:19  Archon x2  
  150  10:22  Gateway  
  150  10:23  Assimilator  
  150  10:25  Gateway  
  150  10:41  Zealot x4  
  147  11:02  Nexus  
  147  11:03  Pylon  
  140  11:10  Pylon  
  117  11:24  High Templar x2  
  114  11:28  Archon  
  79  13:37  Pylon  
  79  13:40  Pylon  
  63  13:43  Pylon  
  55  13:50  Pylon  
  47  13:57  Zealot  
  47  14:02  Zealot x3  
  33  14:15  Probe  
  28  14:20  Zealot x2  
  28  14:22  Zealot  
  28  14:23  Zealot x2  
  38  14:26  Probe  
  39  14:38  Zealot x3  
  34  14:56  Zealot  
  30  15:01  Gateway  
  30  15:04  Gateway  
  26  15:08  Gateway  
  26  15:14  Probe  
  25  15:28  Zealot  
  23  15:50  Gateway  
  23  15:52  Zealot  
  23  15:54  Zealot  
  27  16:02  High Templar  
  29  16:04  High Templar  
  29  16:08  Archon  
  31  16:12  Zealot  
  33  16:19  Zealot  
  35  16:33  Zealot x2  
  33  16:46  Zealot  
  31  16:47  Zealot  
  29  17:02  Zealot x2  
  33  17:09  Zealot  
  29  17:23  Zealot x2  
Show
View Real Time Build Order
Export as new Build Order

ShoWTimE Protoss 

Build Orders: Phoenix Opening 

Get SALT Encoding   

  12  0:00  Probe  
  13  0:12  Probe  
  14  0:17  Pylon  
  14  0:24  Probe (Chrono Boost)  
  15  0:36  Gateway, Probe (Chrono Boost)  
  16  0:44  Probe (Chrono Boost)  
  16  0:46  Assimilator  
  17  0:50  Probe  
  17  0:54  Assimilator  
  18  1:03  Probe (Chrono Boost)  
  19  1:07  Gateway  
  19  1:13  Probe (Chrono Boost)  
  19  1:18  Probe (Chrono Boost)  
  20  1:23  Cybernetics Core  
  21  1:29  Probe  
  22  1:33  Pylon  
  22  1:41  Probe  
  23  1:53  Probe  
  24  2:00  Stalker x2, Warp Gate  
  28  2:05  Probe  
  29  2:11  Pylon  
  29  2:30  Stalker x2  
  33  3:00  Sentry x2  
  33  3:02  Nexus  
  33  3:04  Probe  
  38  3:09  Pylon  
  38  3:17  Probe  
  39  3:23  Twilight Council  
  39  3:29  Probe (Chrono Boost)  
  40  3:39  Phoenix  
  40  3:40  Probe (Chrono Boost)  
  39  3:45  Forge, Probe (Chrono Boost)  
  40  3:52  Stalker  
  42  3:55  Probe  
  43  4:03  Shield Battery  
  43  4:06  Blink  
  43  4:07  Probe  
  44  4:10  Sentry  
  44  4:15  Probe  
  47  4:30  Shield Battery, Probe  
  46  4:35  Stalker  
  46  4:38  Stalker  
  46  4:39  Probe (Chrono Boost)  
  46  4:44  Probe (Chrono Boost)  
  44  4:47  Protoss Ground Weapons Level 1  
  44  4:51  Probe (Chrono Boost)  
  45  4:56  Probe (Chrono Boost)  
  47  5:00  Assimilator, Probe (Chrono Boost)  
  47  5:04  Robotics Facility, Probe (Chrono Boost)  
  49  5:08  Probe (Chrono Boost)  
  49  5:09  Probe (Chrono Boost)  
  50  5:14  Phoenix  
  50  5:19  Gateway  
  50  5:22  Gateway  
  50  5:29  Nexus  
  50  5:34  Shield Battery  
  50  5:42  Stalker x2  
  52  5:47  Probe x2  
  56  5:52  Pylon  
  56  5:53  Observer  
  57  6:10  Gateway, Probe x2  
  59  6:12  Gateway  
  59  6:14  Sentry  
  59  6:15  Stalker x2  
  59  6:17  Warp Prism  
  67  6:21  Stalker  
  67  6:24  Pylon  
  69  6:34  Pylon  
  69  6:38  Stalker  
  70  6:42  Stalker  
  70  6:43  Stalker  
  74  6:52  Stalker  
  68  7:02  Stalker  
  68  7:07  Stalker x4  
  69  7:18  Stalker  
  71  7:25  Stalker  
  71  7:29  Pylon, Probe x3  
  76  7:35  Assimilator  
  76  7:38  Stalker  
  76  7:39  Stalker x3  
  76  7:41  Pylon  
  84  7:47  Observer  
  84  8:04  Stalker x4, Probe x3  
  84  8:05  Zealot  
  97  8:07  Zealot  
  93  8:28  Stalker x5  
  93  8:29  Zealot  
  105  8:36  Pylon  
  105  8:39  Observer  
  105  8:44  Charge (Chrono Boost)  
  105  8:49  Probe x3  
  108  8:56  Pylon  
  108  9:07  Gateway  
  108  9:09  Gateway, Zealot x4  
  116  9:14  Templar Archives  
  116  9:21  Zealot x2  
  118  9:42  Zealot x5  
  120  9:48  Zealot  
  114  10:01  Pylon  
  114  10:02  High Templar x4  
  114  10:03  Zealot  
  114  10:06  Archon  
  124  10:07  Archon  
  124  10:14  Zealot  
  124  10:20  Pylon  
  124  10:27  Zealot x3  
  129  10:34  Zealot x3  
  129  10:35  Zealot x2  
  123  10:46  Pylon, Nexus  
  123  10:47  Zealot  
  123  10:48  High Templar x2  
  110  10:53  Archon  
  110  10:55  Zealot  
  109  11:24  Observer  
  105  12:32  Gateway  
  105  12:34  Pylon, Gateway  
  105  12:39  Gateway  
  99  13:17  Pylon  
  54  13:52  Zealot x3  
  24  14:17  Zealot x3  
  26  14:38  Zealot x3  

Tags
 
Add a new tag
Caveats
  • Supply blocks, unpowered buildings, or Contaminate may cause inaccurate times.
  • Supply counts are checked every 10 seconds.